 Dungeon Crawl Stone Soup version 0.31.0-11-ge490571c62 (webtiles) character file.

Game seed: 16929512488289856867

21 qw the Shooter (level 2, 0/16 HPs)
             Began as a Deep Elf Hunter on Feb 3, 2024.
             Succumbed to their own poison gas
             ... on level 1 of the Dungeon.
             The game lasted 00:00:01 (594 turns).

qw the Shooter (Deep Elf Hunter)                     Turns: 594, Time: 00:00:02

Health: 0/16       AC:  3    Str:  8    XL:     2   Next: 62%
Magic:  4/4        EV: 12    Int: 13    God:
Gold:   48         SH:  0    Dex: 18    Spells: 1/1 levels left

rFire   . . .        a - +0 shortbow
rCold   . . .        (shield currently unavailable)
rNeg    . . .        c - +0 leather armour
rPois   .            (no helmet)
rElec   .            (no cloak)
rCorr   .            (no gloves)
SInv    .            (no boots)
Will    .....        (no amulet)
Stlth   ++           (no ring)
HPRegen 0.22/turn    (no ring)
MPRegen 0.09/turn

%: no passive effects
@: lethally poisoned (0 -> -15)
A: no striking features
a: no special abilities


You were on level 1 of the Dungeon.
You visited 1 branch of the dungeon, and saw 1 of its levels.

You collected 48 gold pieces.


   Skills:
 - Level 1.5 Fighting
 + Level 6.4 Ranged Weapons
 - Level 2.4 Dodging
 - Level 1.2 Stealth


You had one spell level left.
You didn't know any spells.
Your spell library was empty.

Inventory:

Hand Weapons
 a - a +0 shortbow (weapon)
Armour
 c - a +0 leather armour (worn)
Potions
 f - a potion of might
 h - a potion of degeneration {unknown}

Dungeon Overview and Level Annotations

Branches:
Dungeon (1/15)

Altars:


Message History

You kill the dart slug!
You see here a dart slug corpse.
A bat comes into view.
You shoot an arrow. The arrow hits the bat!
You kill the bat!
Partly explored, can't reach some places.
Partly explored, can't reach some places.
589 ||| READING scroll labelled GIZAUM SOIZ.
The air fills with toxic fumes!
As you read the scroll labelled GIZAUM SOIZ, it crumbles to dust.
It was a scroll of poison.
Partly explored, can't reach some places.
590 ||| READING scroll labelled REMICWURUWY.
As you read the scroll labelled REMICWURUWY, it crumbles to dust.
It is a scroll of identify.
590 ||| IDENTIFYING fizzy yellow potion;
f - a potion of might Partly explored, can't reach some places.
591 ||| READING scroll labelled BOPROSIQOTZ.
As you read the scroll labelled BOPROSIQOTZ, it crumbles to dust.
It is a scroll of amnesia.
You feel forgetful for a moment.
Partly explored, can't reach some places.
592 ||| DROPPING scroll of butterflies.
You drop a scroll of butterflies.
Partly explored, can't reach some places.
What level of the Dungeon? (default 1, ? - help) Sorry, I don't know how to get there.
Enter note:
Enter note:
Enter note:
Enter note:
Enter note:
Enter note:
Enter note:
Enter note:
Enter note: You are engulfed in poison gas.
You are lethally poisoned!
Ouch! That really hurt!
You feel very sick.
Enter note:
594 ||| Stepping ~*~*~tactically~*~*~ (cloud).
You die...

#########....#
##.......#¤¤¤.#############
.........¤¤¤0............>#
##.......#¤¤¤¤###########.#
.%...#####¤¤¤¤#### #.#
####.# ##¤¤¤¤0¤# #.# #.#
#¤¤¤¤¤¤# #.#
####.######¤¤¤¤0¤###### #.#
.....#...¤¤¤¤¤¤¤@0¤¤¤¤# #.#
######.####¤¤0¤¤¤####¤# #.#
##......# #¤¤¤¤0¤# #.# #.#
##......###0¤¤¤¤¤# #.# #.#
##........######## #.# #.#
##........# #.# #.#
######....# #.# #.# #
#....# #.# #.# # #....# #.#
#.#


There were no monsters in sight!

Vanquished Creatures
  A dart slug (D:1)
  2 bats (D:1)
  An endoplasm (D:1)
  A giant cockroach (D:1)
  2 goblins (D:1)
  A hobgoblin (D:1)
  3 jackals (D:1)
  A kobold (D:1)
  A quokka (D:1)
  A ball python (D:1)
  2 rats (D:1)
16 creatures vanquished.

Notes
Turn   | Place    | Note
-------+----------+-------------------------------------------
     0 | D:1      | qw the Deep Elf Hunter began the quest for the Orb.
     0 | D:1      | Reached XP level 1. HP: 12/12 MP: 3/3
     0 | D:1      | 0 ||| qw: Version: 0.3-a-155-g5e7d8dd
     0 | D:1      | 0 ||| qw: Game counter: 3217
     0 | D:1      | 0 ||| qw: Melee chars always use a shield: true
     0 | D:1      | 0 ||| qw: God list: Okawaru
     0 | D:1      | 0 ||| qw: Allow faded altars: false
     0 | D:1      | 0 ||| qw: Do Orc after clearing Dungeon:15 true
     0 | D:1      | 0 ||| qw: Do second Lair branch before Depths: true
     0 | D:1      | 0 ||| qw: Lair rune preference: random
     0 | D:1      | 0 ||| qw: Goals: Normal
     0 | D:1      | 0 ||| PLANNING D:1-11
   288 | D:1      | Reached skill level 6 in Ranged Weapons
   288 | D:1      | Reached XP level 2. HP: 16/16 MP: 4/4
   589 | D:1      | 589 ||| READING scroll labelled GIZAUM SOIZ.
   590 | D:1      | 590 ||| READING scroll labelled REMICWURUWY.
   590 | D:1      | 590 ||| IDENTIFYING fizzy yellow potion
   591 | D:1      | 591 ||| READING scroll labelled BOPROSIQOTZ.
   592 | D:1      | 592 ||| DROPPING scroll of butterflies.
   593 | D:1      | HP: 3/16 [poisoned by you (poison gas)]
   594 | D:1      | 594 ||| Stepping ~*~*~tactically~*~*~ (cloud).
   594 | D:1      | Succumbed to their own poison gas

Levels and vault maps discovered:
D:1:      lightli_molten_gateway, layout_basic

Skill      XL: |  1 |
---------------+----+-----
Ranged Weapons | 6 |  6.4
Fighting       | |  1.5
Dodging        | |  2.4
Stealth        | |  1.2

Action                     || total
---------------------------++-------
   Fire: Shortbow          ||    41
    Use: Scroll            ||     3
 Armour: Leather armour    ||    10
  Dodge: Dodged            ||     7

Table legend:
 A = Non-vault XP
 B = Vault XP
 C = Vault XP percentage of total XP
 D = Non-vault monster count
 E = Vault monster count
 F = Vault count percentage of total count
                 A         B        C        D         E       F
            +---------+---------+-------+---------+---------+-------
      Total |      30 |       0 |   0.0 |      16 |       0 |   0.0
            +---------+---------+-------+---------+---------+-------
        D:1 |      30 |       0 |   0.0 |      16 |       0 |   0.0
            +---------+---------+-------+---------+---------+-------
